 Dungeon Crawl Stone Soup version 0.29.1-1-gd02db6906a (webtiles) character file.

Game seed: 14011402624629124645

139 Ashen the Chiller (level 5, 34/38 HPs)
             Began as a Demonspawn Ice Elementalist on Sept 15, 2022.
             Got out of the dungeon alive.
             The game lasted 00:04:22 (2790 turns).

Ashen the Chiller (Demonspawn Ice Elementalist)     Turns: 2790, Time: 00:04:23

Health: 34/38      AC:  5    Str: 15    XL:     5   Next: 1%
Magic:  9/9        EV: 12    Int: 18    God:
Gold:   51         SH:  0    Dex: 13    Spells: 8/9 levels left

rFire   . . .      SeeInvis .   s - +11 hand axe "Aneatwer" {pain, rN+}
rCold   . . .      Faith    .   (no shield)
rNeg    + . .      Spirit   .   a - +0 robe
rPois   .          Reflect  .   o - +0 helmet
rElec   .          Harm     .   j - +0 cloak
rCorr   .          Rampage  .   (no gloves)
Will    .....                   (no boots)
Stlth   ++........              (no amulet)
HPRegen 0.12/turn               g - +6 ring of strength
MPRegen 0.11/turn               (no ring)

@: no status effects
A: ignite blood 1, sharp scales 1, demonic touch 1
a: no special abilities


You escaped.
You visited 1 branch of the dungeon, and saw 3 of its levels.

You collected 51 gold pieces.

Inventory:

Hand Weapons
 s - the +11 hand axe "Aneatwer" (weapon) {pain, rN+}
   (You found it on level 2 of the Dungeon)

   In the hands of one skilled in necromantic magic, it inflicts extra damage on
   living creatures.
   rN:        It protects you from negative energy.
 t - a +0 short sword of draining
Armour
 a - a +0 robe (worn)
 j - a +0 cloak (worn)
 o - a +0 helmet (worn)
Magical Staves
 c - a staff of conjuration
Jewellery
 g - a +6 ring of strength (left hand)
 u - a ring of ice
Wands
 r - a wand of polymorph (5)
Scrolls
 e - a scroll of brand weapon {unknown}
 h - a scroll of immolation {unknown}
 i - 2 scrolls of fear {unknown}
 k - 4 scrolls of identify {unknown}
 l - a scroll of teleportation {unknown}
 p - a scroll of fog {unknown}
Potions
 b - a potion of magic
 d - a potion of mutation {unknown}
 f - a potion of brilliance {unknown}
 m - a potion of attraction {unknown}
 n - a potion of might
 q - a potion of flight {unknown}
 v - a potion of lignification {unknown}


   Skills:
 + Level 1.9 Fighting
 + Level 2.5 Dodging
 + Level 2.7 Stealth
 + Level 2.7 Spellcasting
 + Level 4.1 Ice Magic


You had 8 spell levels left.
You knew the following spells:

 Your Spells              Type           Power      Damage    Failure   Level
a - Freeze                Ice            68%        1d8       3%          1

Your spell library contained the following spells:

 Spells                   Type           Power      Damage    Failure   Level
 Frozen Ramparts          Ice            34%        1d6       9%          3
 Ozocubu's Armour         Ice            17%        N/A       9%          3
 Apportation              Tloc           4%         N/A       17%         1
 Necrotise                Necr           8%         1d4       17%         1
 Summon Small Mammal      Summ           8%         N/A       17%         1
 Hailstorm                Conj/Ice       9%         3d4       56%         4


Dungeon Overview and Level Annotations

Branches:
Dungeon (3/15)

Altars:
Yredelemnul

Annotations:
D:3 Grinder


Innate Abilities, Weirdness & Mutations

Your demonic aura sometimes causes spilled blood to erupt in flames.
You are partially covered in razor-sharp scales. (AC +1, Slay +1)
Your touch may inflict minor irresistible damage on your foes.


Message History

a +0 club; a goblin corpse
Things that are here:
a +0 club; a goblin corpse
Found a scale mail.
No target in view!
Found a stone staircase leading down.
No target in view!
Grinder comes into view.
Found 6 stones.
Found a stone staircase leading up and a stone staircase leading down.
Grinder shouts!
An orc comes into view. It is wielding a +0 mace.
There are monsters nearby!
Found 5 boomerangs.
The orc shouts!
A quokka comes into view.
Grinder gestures at you. Pain shoots through your body!
Grinder attacks as you move away! Grinder hits you.
You writhe in agony.
The quokka bites you.
Grinder drinks a potion.
Grinder seems to grow stronger.
The orc closely misses you. The quokka misses you.
There is a stone staircase leading up here.
The quokka bites you but does no damage.
The orc barely misses you.
You climb upwards.
There is a stone staircase leading down here.
You hit the orc.
You touch the orc.
You kill the orc!
You hit the quokka. The quokka closely misses you.
You have reached level 5!
Your demonic ancestry asserts itself...
Your blood heats up.
You hit the quokka.
You kill the quokka!
There is a stone staircase leading up here.
You climb upwards.
There is a stone staircase leading down here.
There is a staircase leading out of the dungeon here.
Are you sure you want to leave the Dungeon?
This will make you lose the game!
You have escaped!

#......#.......................
##.....#.......................
#.....#.........)..........###
#.....#....................+..
#.....#########............##.
#..........§§....####....)..#.
#..........≈≈≈≈...##...≈≈≈≈..#
#........§§§§≈.§......≈≈≈≈≈≈.#
#........§§§>@§≈.....(≈≈≈≈≈≈.#
####....§.≈≈≈≈≈§......≈≈≈≈≈≈..
#......§≈≈≈≈..####..≈≈≈≈..#
#.....#......## ##......##
#.....##.....# #.###....
#.....#####..## ##.# #.###
#.....# #...####..# #.#..
#.....# #.#......## #.#.#
####### #.........###.#.#


There were no monsters in sight!

Vanquished Creatures
  An orc wizard (D:3)
  3 adders
  2 adder zombies (D:3)
  2 worms (D:2)
  9 orcs
  7 bats
  8 endoplasms
  4 giant cockroaches
  6 goblins
  5 hobgoblins
  2 quokkas (D:2)
  5 ball pythons
  A ball python zombie (D:3)
  A giant cockroach zombie (D:3)
  4 kobolds
  2 rats (D:3)
62 creatures vanquished.

Notes
Turn   | Place    | Note
-------+----------+-------------------------------------------
     0 | D:1      | Ashen the Demonspawn Ice Elementalist began the quest for
                  | the Orb.
     0 | D:1      | Reached XP level 1. HP: 13/13 MP: 3/3
   191 | D:1      | You fall into a shaft and drop 1 floor!
   299 | D:2      | Gained mutation: Your touch may inflict minor irresistible
                  | damage on your foes. [demonic ancestry]
   299 | D:2      | Reached XP level 2. HP: 20/20 MP: 5/5
  1393 | D:2      | Reached skill level 1 in Fighting
  1393 | D:2      | Gained mutation: You are partially covered in razor-sharp
                  | scales. (AC +1, Slay +1) [demonic ancestry]
  1393 | D:2      | Reached XP level 3. HP: 25/26 MP: 4/6
  1671 | D:2      | Identified the +11 hand axe "Aneatwer" {pain, rN+}
  1802 | D:2      | Found a faded altar of an unknown god.
  2119 | D:3      | Found a basalt altar of Yredelemnul.
  2237 | D:3      | Reached skill level 4 in Ice Magic
  2264 | D:3      | Reached XP level 4. HP: 12/32 MP: 2/7
  2742 | D:3      | Noticed Grinder
  2752 | D:2      | Gained mutation: Your demonic aura sometimes causes spilled
                  | blood to erupt in flames. [demonic ancestry]
  2752 | D:2      | Reached XP level 5. HP: 30/38 MP: 9/9
  2790 | D:$      | Got out of the dungeon alive.

Illustrated notes

Levels and vault maps discovered:
D:1:      dpeg_arrival_pits, layout_basic, minivault_27, minmay_pentomino_v2
D:2:      layout_rooms, dilly_ecumenical_altar_fadedgnrine, serial_rivers,
          chequers_serial_rivers_small_3, chequers_serial_rivers_small_3,
          chequers_serial_rivers_small_3, chequers_serial_rivers_small_3
D:3:      layout_rooms, nicolae_yredelemnul_corpse_copse, minmay_misc_feat_chi,
          saegor_snake_ambush, uniq_ijyb, uniq_grinder

Skill      XL: |  1  2  3 |
---------------+----------+-----
Stealth        | 2 |  2.7
Dodging        | 2 |  2.5
Fighting       | 1 |  1.9
Ice Magic      | 4 |  4.1
Spellcasting   | |  2.7

Action                   |  1- 3 |  4- 6 || total
-------------------------+-------+-------++-------
Melee: Dagger            |    32 |       ||    32
       Unarmed           |     1 |       ||     1
       Touch             |     9 |     2 ||    11
       Short sword       |    14 |       ||    14
       Hand axe          |    12 |    25 ||    37
 Cast: Freeze            |    39 |     2 ||    41
 Stab: Sleeping          |     3 |     2 ||     5
       Distracted        |       |     1 ||     1
Armor: Robe              |    32 |     5 ||    37
Dodge: Dodged            |    57 |    13 ||    70
